 Dungeon Crawl Stone Soup version 0.16-a0-3758-g7fc8210 (webtiles) character file.

17497 Johnny the Fighter (level 12, 0/97 HPs)
             Began as a Formicid Fighter on Jan 23, 2015.
             Was a High Priest of the Shining One.
             Splashed by a brown ugly thing's acid (4 damage)
             ... on level 14 of the Dungeon.
             The game lasted 00:30:22 (13027 turns).

Johnny the Fighter (Formicid Fighter)              Turns: 13027, Time: 00:30:22

Health: 0/97       AC: 21    Str: 21    XL:     12   Next: 83%
Magic:  25/25      EV: 13    Int:  9    God:    the Shining One [*****.]
Gold:   376        SH: 13    Dex: 14    Spells: 0 memorised, 11 levels left

rFire  . . .     SeeInvis +     a - +1 war axe
rCold  + . .     Clarity  .     i - +6 plate armour {ponderous}
rNeg   + + .     SustAb   .     c - +0 shield
rPois  .         Gourm    .     (helmet unavailable)
rElec  .         Spirit   .     w - +2 cloak
rCorr  .         Warding  .     (no gloves)
rMut   +         Stasis   +     x - +2 pair of boots of the Assassin {Stlth++}
MR     +....                    z - amulet of resist mutation
Stlth  +.........               j - +3 ring of evasion
                                k - ring "Evepsamp" {rC+ SInv}

@: divine shield, corroded equipment, glowing, slow, somewhat resistant to
hostile enchantments, very unstealthy
A: permanent stasis, dig shafts and tunnels, four strong arms, antennae 3
a: Dig, Shaft Self, Divine Shield, Cleansing Flame, Summon Divine Warrior,
Renounce Religion


You were on level 14 of the Dungeon.
You worshipped the Shining One.
The Shining One was extremely pleased with you.
You were hungry.

You visited 2 branches of the dungeon, and saw 13 of its levels.
You also visited: Labyrinth and Ossuary.

You collected 504 gold pieces.
You spent 128 gold pieces at shops.

Inventory:

Hand weapons
 a - a +1 war axe (weapon)
Armour
 c - a +0 shield (worn)
 i - a +6 plate armour of ponderousness (worn)
 w - a +2 cloak (worn)
 x - the +2 pair of boots of the Assassin (worn) {Stlth++}
   (You found it in a labyrinth)

   It makes you much more stealthy.
 F - the +2 helmet of Inference {Dex+3, unknown}
   (You took it off Robin on level 4 of the Dungeon)

   It affects your dexterity (+3).
 H - a +0 ice dragon armour
 R - a +2 scale mail of fire resistance
Jewellery
 g - an uncursed ring of ice
 h - a +5 ring of intelligence
 j - a +3 ring of evasion (right hand)
 k - the ring "Evepsamp" (left hand) {rC+ SInv}
   (You found it in a labyrinth)

   [ring of see invisible]

   It protects you from cold.
   It enhances your eyesight.
 o - an uncursed ring of fire
 u - an uncursed ring of sustain abilities
 y - an uncursed ring of wizardry
 z - an amulet of resist mutation (around neck)
 B - an uncursed ring of protection from cold
 C - an uncursed amulet of resist corrosion
 E - an uncursed ring of protection from fire
Magical devices
 e - a wand of slowing (21)
 I - a wand of polymorph (6)
 M - a wand of invisibility (4)
 N - a wand of slowing (21)
 Y - a wand of slowing (19)
 Z - a wand of fireball (7)
Scrolls
 p - 2 scrolls of enchant armour
 s - 2 scrolls of remove curse
 t - 2 scrolls of noise
 P - a scroll of recharging
 Q - 2 scrolls of fog
Potions
 b - 4 potions of restore abilities
 f - a potion of resistance
 m - a potion of cure mutation
 n - 4 potions of flight
 q - a potion of magic
 S - a potion of mutation
 U - a potion of invisibility {unknown}
 V - a potion of heal wounds {unknown}
Books
 D - a book of Hinderance

   Spells                             Type                      Level
   a - Confusing Touch                Hexes                        2
   b - Confuse                        Hexes                        3
   c - Petrify                        Transmutation/Earth          4
   d - Metabolic Englaciation         Hexes/Ice                    5
   e - Summon Mana Viper              Hexes/Summoning              5
   f - Gell's Gravitas                Hexes/Translocation          6
 G - a book of Changes

   Spells                             Type                      Level
   a - Beastly Appendage              Transmutation                1
   b - Sticks to Snakes               Transmutation                2
   c - Spider Form                    Transmutation/Poison         3
   d - Ice Form                       Ice/Transmutation            4
   e - Blade Hands                    Transmutation                5
 J - a book of Burglary

   Spells                             Type                      Level
   a - Swiftness                      Charms/Air                   2
   b - Passwall                       Transmutation/Earth          3
   c - Passage of Golubria            Translocation                4
   d - Lee's Rapid Deconstruction     Earth                        5
   e - Invisibility                   Hexes                        6
   f - Darkness                       Hexes                        7
 K - a book of Clouds

   Spells                             Type                      Level
   a - Mephitic Cloud                 Conjuration/Poison/Air       3
   b - Conjure Flame                  Conjuration/Fire             3
   c - Poisonous Cloud                Conjuration/Poison/Air       6
   d - Freezing Cloud                 Conjuration/Ice/Air          6
   e - Ring of Flames                 Charms/Fire                  7
 X - a Fen Folio

   Spells                             Type                      Level
   a - Corpse Rot                     Necromancy                   2
   b - Stone Arrow                    Conjuration/Earth            3
   c - Leda's Liquefaction            Hexes/Earth                  4
   d - Summon Forest                  Summoning/Translocation      5
   e - Hydra Form                     Transmutation                6
   f - Summon Hydra                   Summoning                    7
Miscellaneous
 L - a fan of gales (inert)
Comestibles
 d - 8 bread rations
 l - 3 meat rations
 r - a beef jerky
 v - 12 slices of pizza


   Skills:
 * Level 10.3 Fighting
 * Level 9.4 Axes
 + Level 8.2 Armour
 * Level 8.6 Dodging
 + Level 8.0 Stealth
 + Level 8.3 Shields
 + Level 7.1 Invocations


You had 11 spell levels left.
You didn't know any spells.

Dungeon Overview and Level Annotations

Branches:
Dungeon (14/15)            Temple (1/1) D:4
   Lair: D:8-11         Orc: D:9-12      Vaults: D:13-14

Altars:
Ashenzari
Cheibriados
Dithmenos
Elyvilon
Fedhas
Gozag
Kikubaaqudgha
Makhleb
Nemelex Xobeh
Okawaru
Qazlal
Ru
Trog
Vehumet
Xom
Yredelemnul
Zin
The Shining One

Shops:
D:6 (   D:8 *

Annotations:
D:7 Prince Ribbit


Innate Abilities, Weirdness & Mutations

You are under a permanent stasis effect.
You can dig through walls and to a lower floor.
Your four strong arms can wield two-handed weapons with a shield.
You have a pair of large antennae on your head (SInv).


Message History

Drink which item? (? for menu, Esc to quit)
Your magical effects are unravelling.
You feel magically purged.
Cornered, the brown ugly thing turns to fight! x2
You feel less woody.
Your +2 cloak unmelds from your body.
The +2 pair of boots of the Assassin {Stlth++} unmelds from your body.
Your +6 plate armour of ponderousness unmelds from your body.
You feel rather ponderous.
You block the brown ugly thing's attack.
Read which item? (? for menu, Esc to quit)
As you read the scroll of fear, it crumbles to dust.
You assume a fearsome visage.
The brown ugly thing looks frightened!
The brown ugly thing looks frightened!
Cornered, the brown ugly thing turns to fight!
Use which ability? (? or * to list)
You fail to use your ability.
The brown ugly thing kicks you.
* * * LOW HITPOINT WARNING * * *
You are splashed with acid!
The acid burns!
You die...

#....#
#..#..+##########'.......
#....###..#..#...#
#...######..
###..##...####.#.####.#.# ###
#..##.#.##.#..........#
#........#.###.####.#######
#..........# #.# #.# #...####
#..........# #.# #.# #.......
#...)......###.####.###...####
#.#.....Wu##.@....)...#.......
#.#..#..#{u#u#.####(#(#.#...#.
#.##.ยง..##.#...# #...#..#..##
#.*#<.uu##uW##########'....###
**,*#....#####
#.....#......... *......uu#
######.##<.#...#.## *..###...#
##.####....####..... ***.,*
#...###.......#### ###..#
*,,,,*
#...##.....#############..


You could see a brown ugly thing and a phantom.

Vanquished Creatures
  Erica (D:10)
  A centaur warrior (D:14)
  3 hill giants
  An unseen horror (D:14)
  A wizard (D:14)
  A griffon (D:14)
  An ugly thing (D:14)
  A manticore (D:14)
  2 gargoyles
  A freezing wraith (D:14)
  A two-headed ogre (D:10)
  A troll (D:10)
  A minotaur skeleton (Lab)
  A deep elf mage (D:10)
  A basilisk (D:11)
  A wraith (D:11)
  A redback (D:14)
  7 yaks
  A wyvern (D:14)
  A human (D:7)
  Eustachio (D:4)
  A centaur simulacrum (D:14)
  A deep elf fighter (D:14)
  2 hungry ghosts
  Grum (D:11)
  A hog (D:7)
  3 wolves (D:11)
  2 hippogriffs
  Edmund (D:9)
  5 orc warriors
  3 sky beasts
  3 necrophages
  A wasp (D:5)
  3 ogres
  3 phantoms
  An ice beast (D:8)
  Sigmund (D:7)
  3 centaurs
  6 giant frogs
  Blork the orc (D:6)
  A water moccasin zombie (D:8)
  A big kobold (D:11)
  14 scorpions
  22 killer bees
  2 giant frog zombies
  5 crimson imps
  2 goliath beetles (D:9)
  6 hounds
  2 human zombies (Ossuary)
  4 orc priests
  3 jellies
  6 centaur zombies
  2 giant frog skeletons
  A quasit (D:4)
  Crazy Yiuf (D:4)
  10 worker ants
  A centaur skeleton (D:4)
  2 sheep (D:7)
  10 orc wizards
  A killer bee zombie (D:10)
  2 big kobold zombies (Ossuary)
  2 hound skeletons
  3 mummies (Ossuary)
  A worker ant zombie (D:9)
  Robin (D:4)
  4 scorpion zombies (Ossuary)
  5 gnolls
  A shadow imp (D:14)
  12 adders
  A giant mite (D:7)
  6 worms
  3 adder skeletons
  9 giant geckos
  28 orcs
  A bat skeleton (D:7)
  A bat zombie (D:5)
  24 hobgoblins
  10 jackals
  An ooze (D:3)
  7 quokkas
  A ball python (D:6)
  16 bats
  13 giant cockroaches
  A giant cockroach zombie (D:3)
  6 giant newts
  2 gnoll zombies (Ossuary)
  21 goblins
  3 goblin zombies
  2 hobgoblin zombies (Ossuary)
  2 jackal zombies (D:8)
  20 kobolds
  A kobold zombie (Ossuary)
  2 orc zombies (Ossuary)
  29 rats
  A rat zombie (D:8)
410 creatures vanquished.

Vanquished Creatures (collateral kills)
  An ice dragon (Lab)
  Nessos (D:11)
  An ugly thing (D:11)
3 creatures vanquished.

Vanquished Creatures (others)
  A plant (D:9)
1 creature vanquished.

Grand Total: 414 creatures vanquished

Notes
Turn   | Place    | Note
--------------------------------------------------------------
     0 | D:1      | Johnny, the Formicid Fighter, began the quest for the Orb.
     0 | D:1      | Reached XP level 1. HP: 18/18 MP: 1/1
   118 | D:1      | Reached XP level 2. HP: 24/24 MP: 3/3
   149 | D:1      | Reached skill level 1 in Dodging
   264 | D:1      | Reached XP level 3. HP: 18/29 MP: 4/4
   860 | D:1      | Reached XP level 4. HP: 35/35 MP: 5/5
  1133 | D:2      | Reached skill level 4 in Armour
  1236 | D:2      | Reached XP level 5. HP: 37/42 MP: 7/7
  2111 | D:3      | Found a sacrificial altar of Ru.
  2151 | D:3      | Found a stormy altar of Qazlal.
  2154 | D:3      | Noticed an air elemental
  2155 | D:3      | Noticed a water elemental
  2155 | D:3      | Noticed a fire elemental
  2366 | D:4      | Reached XP level 6. HP: 42/48 MP: 8/8
  2679 | D:4      | Found a staircase to the Ecumenical Temple.
  2741 | Temple   | Entered the Ecumenical Temple
  2797 | Temple   | Became a worshipper of the Shining One
  2905 | D:4      | Noticed Crazy Yiuf
  2915 | D:4      | Killed Crazy Yiuf
  3168 | D:4      | Noticed Eustachio
  3231 | D:4      | Killed Eustachio
  3231 | D:4      | Reached skill level 1 in Stealth
  3231 | D:4      | Reached XP level 7. HP: 38/55 MP: 9/9
  3296 | D:4      | Reached skill level 1 in Invocations
  3303 | D:4      | Noticed Robin
  3319 | D:4      | Killed Robin
  3321 | D:4      | Got a blackened helmet
  3620 | D:4      | Reached skill level 5 in Fighting
  3853 | D:5      | Entered Level 5 of the Dungeon
  3864 | D:5      | Found a bloodstained altar of Trog.
  4017 | D:5      | Acquired the Shining One's first power
  4118 | D:5      | Reached XP level 8. HP: 47/62 MP: 13/13
  4751 | D:6      | Found a glowing silver altar of Zin.
  4779 | D:6      | Noticed Blork the orc
  4787 | D:6      | Killed Blork the orc
  4787 | D:6      | Reached skill level 5 in Armour
  5133 | D:6      | Reached skill level 5 in Axes
  5133 | D:6      | Reached skill level 5 in Shields
  5346 | D:6      | Reached skill level 6 in Fighting
  5423 | D:6      | Found Hywkeny's Weapon Shoppe.
  5544 | D:7      | Reached XP level 9. HP: 66/69 MP: 17/17
  5919 | D:7      | Found a bloodstained altar of Trog.
  6060 | D:7      | Acquired the Shining One's second power
  6165 | D:7      | Found an opulent altar of Gozag.
  6167 | D:7      | Noticed Sigmund
  6171 | D:7      | Killed Sigmund
  6208 | D:7      | Found a white marble altar of Elyvilon.
  6237 | D:7      | Noticed Prince Ribbit
  6516 | D:7      | Reached skill level 5 in Dodging
  7016 | D:8      | Identified a scroll of acquirement
  7029 | D:8      | Reached skill level 7 in Fighting
  7047 | D:8      | Reached XP level 10. HP: 46/79 MP: 19/19
  7122 | D:8      | Found a sand-covered staircase.
  7129 | Ossuary  | Entered an ossuary
  7532 | Ossuary  | Reached skill level 5 in Stealth
  7543 | Ossuary  | Acquired the Shining One's third power
  7685 | D:8      | Reached skill level 5 in Invocations
  7897 | D:8      | Found an iron altar of Okawaru.
  8342 | D:8      | Found Cryplown's General Store.
  8345 | D:8      | Bought 3 scrolls of identify for 96 gold pieces
  8345 | D:8      | Bought a scroll of identify for 32 gold pieces
  8517 | D:8      | Found a blossoming altar of Fedhas.
  8738 | D:9      | Noticed Edmund
  8749 | D:9      | Killed Edmund
  8749 | D:9      | Reached skill level 8 in Fighting
  8755 | D:9      | Found a radiant altar of Vehumet.
  8757 | D:9      | Found a snail-covered altar of Cheibriados.
  8794 | D:9      | Reached XP level 11. HP: 56/86 MP: 22/22
  9095 | D:9      | Found a blossoming altar of Fedhas.
  9396 | D:9      | Found an ancient bone altar of Kikubaaqudgha.
  9459 | D:10     | Entered Level 10 of the Dungeon
  9469 | D:10     | Found an iron altar of Okawaru.
  9730 | D:10     | Acquired the Shining One's fourth power
 10078 | D:10     | Noticed a hill giant
 10091 | D:10     | Killed a hill giant
 10351 | D:10     | Noticed Erica
 10362 | D:10     | Killed Erica
 10362 | D:10     | Reached skill level 9 in Fighting
 11201 | D:11     | Noticed Nessos
 11241 | D:11     | Noticed Grum
 11257 | D:11     | Killed Grum
 11273 | D:11     | Noticed a brown ugly thing
 11290 | D:11     | Killed a brown ugly thing
 11290 | D:11     | Reached XP level 12. HP: 34/96 MP: 15/24
 11297 | D:11     | Killed Nessos
 11499 | D:11     | You fall through a shaft for 3 floors!
 11668 | D:14     | Found a labyrinth entrance.
 11684 | Lab      | Entered a labyrinth
 11785 | Lab      | Found an exit through the horrors of the Abyss.
 11875 | Lab      | Noticed a minotaur
 11888 | Lab      | Noticed an ice dragon
 11888 | Lab      | a minotaur changed into an ice dragon
 11905 | Lab      | Killed an ice dragon
 11908 | Lab      | Got a coiled ivory ring
 11941 | Lab      | Identified the ring "Evepsamp" {rC+ SInv} (You found it in a labyrinth)
 12025 | D:14     | Reached skill level 10 in Fighting
 12856 | D:14     | Noticed a centaur warrior
 12883 | D:14     | Killed a centaur warrior
 13027 | D:14     | HP: 4/97 [brown ugly thing (4)]
 13027 | D:14     | Splashed by a brown ugly thing's acid

Action                   |  1- 3 |  4- 6 |  7- 9 | 10-12 || total
-------------------------+-------+-------+-------+-------++-------
Melee: War axe           |    98 |   291 |   387 |   886 ||  1662
Invok: Divine Shield     |       |       |     1 |     6 ||     7
       Summon Divine War |       |       |       |     1 ||     1
 Abil: Shaft Self        |       |       |       |     1 ||     1
Evoke: Wand              |       |       |       |     5 ||     5
       Fan of gales (ine |       |       |       |     1 ||     1
  Use: Scroll            |       |       |    10 |    19 ||    29
       Potion            |       |       |     1 |    15 ||    16
 Stab: Distracted        |       |       |       |     1 ||     1
  Eat: Chunk             |       |     8 |    11 |    17 ||    36
       Beef jerky        |       |       |     3 |     3 ||     6
